[Event "*** Titled Tuesday Blitz"]
[Site "Chess.com"]
[Date "2021.04.06"]
[Round "5"]
[White "AldokhinIvan"]
[Black "kuli4ik"]
[Result "0-1"]
[WhiteElo "2527"]
[BlackElo "2877"]
[TimeControl "180+1"]
[EndTime "10:59:16 PDT"]
[Termination "kuli4ik won by resignation"]

1. e4 Nf6 2. e5 Nd5 3. Nc3 c6 4. d4 d6 5. f4 Bf5 6. Nxd5 cxd5 7. Bd3 Bxd3 8. Qxd3 Nc6 9. Nf3 e6 10. O-O g6 11. c3 Bg7 12. exd6 Qxd6 13. Ne5 O-O 14.
Bd2 Rac8 15. Kh1 Ne7 16. Rae1 Qa6 17. Qxa6 bxa6 18. Nd7 Rfd8 19. Nc5 Rc6 20. b4 h5 21. g3 Nf5 22. Kg2 Nd6 23. Bc1 a5 24. bxa5 Nc4 25.
Nb3 Rb8 26. h3 Rb5 27. g4 hxg4 28. hxg4 Nxa5 29. Nc5 Nb7 30. Nd7 Nd6 31. Nc5 Ne4 32. a4 Ra5 33. Nxe4 dxe4 34. Rxe4 Rxc3 35. f5 gxf5 36.
gxf5 Rxf5 37. Rxf5 exf5 38. Re8+ Kh7 39. Be3 f4 40. Bxf4 Bxd4 41. Re7 Kg6 42. Rd7 Rc4 43.
a5 Ra4 44. Bb8 Bc3 45. Bxa7 Bxa5 46. Be3 Bc3 47. Ra7 Rc4 48. Kf3 Be5 49. Ra6+ f6 50. Ra7 Rc3 51. Rd7 Kf5 52. Ke2 Ke4 53. Bd2 Ra3 54. Rb7 Ra2 55. Rb4+ Bd4 56. Rc4 f5 57. Rc8 f4 58. Re8+ Be5 59. Kd1 Ra3 60. Bc1 Rb3 61.
Kc2 Rc3+ 62. Kd2 Rd3+ 63. Kc2 Rd5 64. Bb2 f3 65. Rxe5+ Rxe5 66. Bxe5 f2 67. Kd2 f1=Q 68. Bc3 Qd3+ 69. Kc1 Qxc3+ 0-1

[Event "*** Titled Tuesday Blitz"]
[Site "Chess.com"]
[Date "2021.04.06"]
[Round "5"]
[White "Konek-Gorbunok"]
[Black "PLAYER_2006_M"]
[Result "0-1"]
[WhiteElo "2336"]
[BlackElo "2526"]
[TimeControl "180+1"]
[EndTime "10:59:17 PDT"]
[Termination "PLAYER_2006_M won by resignation"]

1. d4 e6 2. Nf3 Nf6 3. g3 b6 4. Bg2 Bb7 5. O-O Be7 6. c4 O-O 7. Qc2 d5 8. Ne5 Nbd7 9. Nc3 c6 10.
f4 Rc8 11. e4 a6 12. Nxd7 Nxd7 13. cxd5 cxd5 14. e5 b5 15. Qe2 b4 16. Nd1 Qb6 17.
Be3 f5 18. exf6 Bxf6 19. Kh1 a5 20. Qd2 a4 21. Re1 Rfe8 22. Bg1 Nf8 23. Ne3 Qxd4 24. Qxd4 Bxd4 25. Rab1 Ba6 26. Ng4 Bxg1 27. Kxg1 Nd7 28. Ne5 Nxe5 29. Rxe5 Kf7 30. Rbe1 Bc4 31. a3 Rb8 32.
axb4 Rxb4 33. f5 Rb6 34. Bh3 d4 35. fxe6+ Bxe6 36. R5e4 Rd6 37. Rf4+ Kg6 38. Rfe4 Kf6 39. Rf4+ Kg5 40. Rfe4 Kf6 41. Rf4+ Kg6 42. Rfe4 Kf7 43. Rf4+ Kg8 44. Rfe4 Bxh3 45. Rxe8+ Kf7 46. R8e7+ Kf6 47. Ra7 d3 48. Rxa4 d2 49. Rf4+ Kg5 50. Rd1 Bg4 51.
Rxg4+ Kxg4 52. Kf2 Kh3 53. Ke2 Kxh2 54. Rxd2 Re6+ 55.
Kf3+ Kh3 56. Kf4 Rf6+ 57. Ke5 Kxg3 58. b4 Rb6 59. Rb2 h5 60. b5 g5 61. Rb3+ Kh4 62.
Rb4+ g4 63. Kd5 Kh3 64. Kc5 Rb8 65. b6 g3 66. Rb1 h4 67. b7 g2 68. Kc6 Kh2 69.
Rb2 h3 70. Kc7 Rxb7+ 71. Kxb7 Kh1 72. Rb1+ g1=Q 0-1

[Event "*** Titled Tuesday Blitz"]
[Site "Chess.com"]
[Date "2021.04.06"]
[Round "5"]
[White "alexrustemov"]
[Black "krasavetc"]
[Result "1-0"]
[WhiteElo "2672"]
[BlackElo "2378"]
[TimeControl "180+1"]
[EndTime "10:59:22 PDT"]
[Termination "alexrustemov won by checkmate"]

1. d4 Nf6 2. c4 e6 3. Nf3 Bb4+ 4. Bd2 Bxd2+ 5. Qxd2 O-O 6. Nc3 d6 7. g3 Nbd7 8. Bg2 Re8 9. O-O Qe7 10. e4 e5 11.
Rfe1 Nf8 12. h3 Ng6 13. Rad1 b6 14. Nd5 Qd8 15. Qc3 Nd7 16. h4 c6 17. Ne3 Qf6 18.
h5 Ngf8 19. b4 Bb7 20. dxe5 Nxe5 21. Nf5 Nxf3+ 22. Qxf3 Rad8 23. Qf4 Ne6 24. Qd2 d5 25. cxd5 cxd5 26. Qe3 dxe4 27. Nd6 Re7 28. Nxb7 Rxb7 29. Rxd8+ Qxd8 30. Qxe4 Rb8 31. h6 gxh6 32. Qe5 Rc8 33. Bh3 Rc6 34. Bf5 Ng5 35. Kg2 Qf6 36. Qxf6 Rxf6 37.
g4 Rd6 38. Re7 a5 39. a3 axb4 40. axb4 Ne6 41. Bxe6 Rxe6 42. Rb7 Kg7 43. Kg3 Kg6 44. f4 Rd6 45. Kf3 Kg7 46. b5 Re6 47. f5 Rd6 48.
Kf4 Kf6 49. Ke4 h5 50. gxh5 h6 51. Kf4 Rd4+ 52. Ke3 Rb4 53. Rxb6+ Kg5 54. Rb7 f6 55. b6 Kxf5 56. Rb8 Kg5 57. b7 Kxh5 58. Kd3 f5 59. Kc3 Rb1 60. Kd4 Kh4 61. Ke3 Rb4 62. Kf3 h5 63. Ke3 Kh3 64. Kf3 h4 65. Kf2 Rb3 66.
Ke2 Kh2 67. Kf2 h3 68. Ke2 f4 69. Kf2 Rb2+ 70. Kf3 Rb4 71. Kf2 Rb3 72. Ke2 Kh1 73.
Kf2 h2 74. Ke2 Rb1 75. Kf2 Rb4 76. Rc8 Rxb7 77. Rc1# 1-0

[Event "*** Titled Tuesday Blitz"]
[Site "Chess.com"]
[Date "2021.04.06"]
[Round "5"]
[White "UCantHandleDenker"]
[Black "GMSrinath"]
[Result "0-1"]
[WhiteElo "2595"]
[BlackElo "2811"]
[TimeControl "180+1"]
[EndTime "10:59:27 PDT"]
[Termination "GMSrinath won by checkmate"]

1. Nf3 d5 2. g3 g6 3. Bg2 Bg7 4. O-O e5 5. d3 Ne7 6. Nbd2 Nbc6 7. e4 O-O 8. c3 h6 9. b4 a6 10. a3 Be6 11. Qc2 Qd7 12. Re1 Rfd8 13. Bb2 Bh3 14. Rad1 g5 15. Nb3 Bxg2 16. Kxg2 b6 17. exd5 Nxd5 18.
c4 Nf4+ 19. Kh1 Nxd3 20. Rf1 Qf5 21. Ng1 Rd7 22. f3 Rad8 23. Rd2 Qg6 24. Re2 Nxb2 25. Qxb2 Rd3 26. b5 axb5 27. cxb5 e4 28. Qb1 exf3 29. Nxf3 Rxf3 30. Qxg6 Rxf1+ 31. Kg2 fxg6 32. Kxf1 Nd4 33. Nxd4 Bxd4 34. Re7 Rf8+ 35. Kg2 Rf7 36. Re8+ Kg7 37.
Re6 Bc5 38. a4 g4 39. h4 Rf2+ 40. Kh1 Ra2 41. Rc6 Rxa4 42. Rxc7+ Kf6 43. Rc6+ Kf5 44. Rc8 Rb4 45. Rg8 Rxb5 46. h5 gxh5 47. Re8 Ra5 48. Re2 Bd4 49. Kh2 Be5 50. Rf2+ Ke6 51. Rc2 Ra3 52.
Re2 Rxg3 53. Kh1 Rh3+ 54. Kg1 Rd3 55. Re1 b5 56. Kg2 Kd5 57. Re2 h4 58. Ra2 b4 59. Ra8 Ke4 60. Kf1 b3 61. Ke2 h3 62.
Ra4+ Rd4 63. Ra1 Rb4 64. Rg1 b2 65. Rxg4+ Bf4 66. Rg1 Kf5 67. Kf3 Rb3+ 68. Ke2 h2 69.
Rf1 Re3+ 70. Kd2 Rf3+ 71. Kc2 Rxf1 72. Kb3 Rc1 73. Ka2 Rc7 74. Ka3 h5 75. Ka2 Kg4 76. Kb3 h4 77. Ka2 h3 78. Kb1 Kf5 79. Ka2 h1=Q 80.
Kb3 Qd1+ 81. Ka2 b1=Q+ 82. Ka3 Qdd3+ 83. Ka4 Qbb3+ 84. Ka5 Bd2# 0-1

[Event "*** Titled Tuesday Blitz"]
[Site "Chess.com"]
[Date "2021.04.06"]
[Round "5"]
[White "WPWPWP-2015"]
[Black "albi1999"]
[Result "0-1"]
[WhiteElo "2437"]
[BlackElo "2599"]
[TimeControl "180+1"]
[EndTime "10:59:27 PDT"]
[Termination "albi1999 won by checkmate"]

1. e4 c6 2. d4 d5 3. e5 Bf5 4.
Be3 e6 5. Nd2 Nd7 6. c3 Ne7 7. a4 f6 8. f4 Bg6 9. b4 a5 10. b5 c5 11. Ngf3 Rc8 12. Rc1 Nf5 13.
Bf2 h5 14. Be2 Be7 15. O-O O-O 16. Kh1 Qe8 17. h3 fxe5 18. fxe5 h4 19. Qe1 Bh5 20.
Nh2 cxd4 21. Bxh5 Qxh5 22. cxd4 Bg5 23. Nhf3 Nb6 24. Nxg5 Qxg5 25. Nf3 Qxc1 26. Qxc1 Rxc1 27. Rxc1 Rc8 28. Rxc8+ Nxc8 29. Be1 Nb6 30. Bxa5 Nxa4 31. Kg1 Nb2 32. Kf1 Nc4 33. Be1 Nce3+ 34. Kg1 Nc2 35.
Bc3 Kf7 36. Kf2 Na3 37. Bb4 Nxb5 38. Bc5 Kg6 39. Ke2 Nc3+ 40. Kd3 Ne4 41. Bb4 Kh5 42. Be1 g5 43. Nh2 Nh6 44. Ke3 g4 45. Kd3 gxh3 46. gxh3 Ng5 47. Bd2 Nxh3 48. Ke2 Nf5 49.
Kf1 Nxd4 50. Kg2 Ng5 51. Nf1 Nf5 52. Nh2 b5 53. Nf1 Ne4 54. Be1 Kg4 55. Nh2+ Kf4 56. Nf1 Kxe5 57. Nh2 Kd6 58. Nf3 e5 59. Kh3 d4 60.
Kg4 Ne3+ 61. Kxh4 Nc5 62. Bb4 Kd5 63. Nxe5 Kxe5 64. Bxc5 Kd5 65. Bb4 d3 66. Kg3 d2 67.
Bxd2 Nf1+ 68. Kf2 Nxd2 69. Ke2 Ne4 70. Kd3 Nc5+ 71. Kc2 Kc6 72. Kc3 Nb7 73. Kb4 Kb6 74. Kb3 Kc5 75. Ka3 b4+ 76. Kb3 Kb5 77. Kb2 Nc5 78.
Ka2 Kc4 79. Kb2 Nd3+ 80. Ka2 b3+ 81. Ka3 Kc3 82. Ka4 b2 83. Kb5 b1=Q+ 84. Ka4 Qb4# 0-1

[Event "*** Titled Tuesday Blitz"]
[Site "Chess.com"]
[Date "2021.04.06"]
[Round "5"]
[White "PotapovaM"]
[Black "RamyresCoelho"]
[Result "1-0"]
[WhiteElo "2487"]
[BlackElo "2183"]
[TimeControl "180+1"]
[EndTime "10:59:27 PDT"]
[Termination "PotapovaM won by checkmate"]

1. e4 c5 2. Nf3 d6 3. d4 cxd4 4. Nxd4 Nf6 5. Nc3 a6 6. Be3 e6 7. f3 b5 8. g4 Bb7 9. Qd2 Nbd7 10. O-O-O Rc8 11. Kb1 Ne5 12. g5 Nh5 13. f4 Nc4 14.
Bxc4 Rxc4 15. Qd3 Qc7 16. f5 e5 17. Nb3 Nf4 18. Bxf4 exf4 19. Nd5 Bxd5 20. Qxd5 Qc6 21.
Na5 Qxd5 22. exd5 Re4 23. Rhe1 Rxe1 24. Rxe1+ Kd7 25. Nc6 h6 26. g6 fxg6 27. fxg6 h5 28. Rf1 Rh6 29. Rxf4 Rxg6 30. a4 Rf6 31. Rb4 bxa4 32.
Rxa4 Rf5 33. c4 Rf2 34. Rxa6 Rxh2 35. b4 g5 36. b5 Rh3 37. Kc2 Rh2+ 38. Kb3 Rh3+ 39.
Kb4 Kc7 40. b6+ Kb7 41. Ra7+ Kxb6 42. Rf7 g4 43. Rxf8 g3 44. Rf7 Rh4 45. Nd4 g2 46. Nf3 Rg4 47. Ng1 h4 48. Rh7 Rf4 49. Rh6 Rg4 50.
Rxd6+ Kc7 51. Rh6 Kd7 52. Nh3 g1=Q 53. Nxg1 Rxg1 54. Rxh4 Rg3 55. Rh7+ Kd6 56. Rh6+ Ke5 57. Re6+ Kd4 58. Re1 Rg7 59. Rd1+ Ke5 60. Re1+ Kd4 61. Rd1+ Ke5 62. Kc3 Rc7 63. Rd3 Kd6 64. Rg3 Rc5 65. Kd4 Ra5 66. c5+ Kd7 67. Rg7+ Ke8 68. c6 Ra4+ 69.
Ke5 Rg4 70. Rxg4 Kd8 71. Kd6 Kc8 72. Rg8# 1-0

[Event "*** Titled Tuesday Blitz"]
[Site "Chess.com"]
[Date "2021.04.06"]
[Round "5"]
[White "Pliukha_Mikhail"]
[Black "Chesswizard_2007"]
[Result "0-1"]
[WhiteElo "2499"]
[BlackElo "2702"]
[TimeControl "180+1"]
[EndTime "10:59:30 PDT"]
[Termination "Chesswizard_2007 won by checkmate"]

1. e4 c5 2. d4 cxd4 3. c3 Nf6 4. e5 Nd5 5. Nf3 d6 6. cxd4 Nc6 7. Bc4 e6 8. O-O dxe5 9. Nxe5 Nxe5 10. dxe5 Be7 11. Nd2 O-O 12. Ne4 b6 13. Qh5 Bb7 14.
Bg5 Bxg5 15. Nxg5 h6 16. Ne4 Nf4 17. Qg4 Bxe4 18. Qxf4 Bb7 19. Rfd1 Qe7 20. Rac1 Rac8 21. Bd3 Rxc1 22. Rxc1 Rd8 23. Rd1 Ba6 24. Qf3 Bxd3 25. Rxd3 Rxd3 26. Qxd3 Qc5 27. Qd8+ Kh7 28. Qd3+ g6 29.
Qc3 Qd5 30. h3 Qxa2 31. f4 Qb1+ 32. Kh2 h5 33. h4 Qf5 34. g3 Kg7 35. Qc7 Qb1 36.
Qxa7 Qxb2+ 37. Kh3 Qb1 38. Kh2 Qc2+ 39. Kh1 Qd1+ 40.
Kh2 Qe2+ 41. Kh1 Qf1+ 42. Kh2 Qf2+ 43. Kh3 Qg1 44. Qb7 b5 45. Qe4 b4 46. Qb7 b3 47. f5 exf5 48. e6 Qf1+ 49. Kh2 Qe2+ 50. Kh3 Qxe6 51. Qb4 f4+ 52. Kh2 Qe2+ 53. Kg1 Qe3+ 54.
Kh1 Qf3+ 55. Kg1 Qxg3+ 56. Kf1 Qxh4 57. Qxb3 Qf6 58. Kf2 Qd4+ 59. Kg2 Qd2+ 60. Kf1 Qc1+ 61. Kg2 Qe3 62. Qb2+ Kh7 63. Qf6 Qg3+ 64. Kf1 Qd3+ 65. Kg1 Qf5 66. Qe7 Kh6 67. Kf2 Kg7 68. Kf3 Qg4+ 69. Kf2 f3 70. Qe5+ Kh7 71. Qf6 Qg2+ 72. Ke3 Qe2+ 73. Kf4 Qe6 74. Qa1 f2 75. Kg3 Qf5 76. Qf1 g5 77. Kg2 Qg4+ 78. Kh2 Qf4+ 79. Kh3 h4 80. Qd3+ Kh6 81. Qa6+ f6 82. Qf1 Qg3# 0-1

[Event "*** Titled Tuesday Blitz"]
[Site "Chess.com"]
[Date "2021.04.06"]
[Round "5"]
[White "Anton_Demchenko"]
[Black "blitzking1729"]
[Result "1/2-1/2"]
[WhiteElo "2874"]
[BlackElo "2627"]
[TimeControl "180+1"]
[EndTime "10:59:34 PDT"]
[Termination "Game drawn - insufficient material"]

1. e4 c6 2. d4 d5 3. Nc3 dxe4 4. Nxe4 Bf5 5. Ng3 Bg6 6. Nh3 e6 7. Nf4 Bd6 8. Ngh5 Bf8 9. c3 Nf6 10. Nxf6+ Qxf6 11. Qb3 b6 12. Be2 Bd6 13. g3 Nd7 14. O-O O-O 15. Rd1 Rfd8 16. h4 Be4 17. Be3 c5 18. Qa4 cxd4 19. Qxd4 Qxd4 20. Rxd4 Nf6 21. Rad1 Be7 22. a4 Rxd4 23. Bxd4 Rd8 24. a5 bxa5 25.
Bxa7 Ra8 26. Bd4 a4 27. Nd3 a3 28. bxa3 Rxa3 29. c4 Nd7 30. Ne5 Nxe5 31. Bxe5 Ra8 32. Bd6 Bxd6 33. Rxd6 Kf8 34. f3 Bc2 35. Kf2 Rc8 36. Rb6 Rc7 37. Ke3 Ke7 38. Kd4 Bg6 39.
f4 f6 40. Kc3 Bf7 41. Bd3 h6 42. Be2 g5 43. hxg5 hxg5 44. Kd4 gxf4 45. gxf4 e5+ 46.
fxe5 fxe5+ 47. Kc3 e4 48. Kd4 e3 49. c5 Be8 50. Rh6 Kd8 51. Re6 Rd7+ 52. Kxe3 Re7 53. Bc4 Rxe6+ 54. Bxe6 Kc7 55. Kd4 Bc6 56. Bc4 Be8 57.
Bd5 Ba4 58. Ke5 Bb5 59. Be4 Ba4 60. Kd4 Bb5 61. Bd5 Be8 62. Bc4 Bc6 63. Bd3 Ba4 64.
Bb1 Bb5 65. Ba2 Bc6 66. Bb3 Bb5 67. Kc3 Bc6 68. Kb4 Be8 69. Bc4 Bc6 70. Ba6 Bd5 71. Kb5 Bc6+ 72. Ka5 Bd5 73. Bb5 Be4 74. Ka6 Bb7+ 75. Ka7 Bc6 76. Bc4 Be4 77. c6 Bxc6 1/2-1/2

[Event "*** Titled Tuesday Blitz"]
[Site "Chess.com"]
[Date "2021.04.06"]
[Round "5"]
[White "gmcorrales"]
[Black "suyu28"]
[Result "0-1"]
[WhiteElo "2780"]
[BlackElo "2608"]
[TimeControl "180+1"]
[EndTime "10:59:39 PDT"]
[Termination "suyu28 won on time"]

1. e4 c6 2. d4 d5 3. e5 Bf5 4. Nf3 e6 5. Nbd2 c5 6. dxc5 Bxc5 7. Nb3 Bb6 8. Nbd4 Ne7 9. Nxf5 Nxf5 10. Bd3 Nh4 11.
Bb5+ Nc6 12. O-O Nxf3+ 13. Qxf3 O-O 14. Qg3 Bd4 15. Bf4 Bxb2 16. Rab1 Bd4 17. c3 Bb6 18. Bh6 g6 19. Bxf8 Qxf8 20. Bxc6 bxc6 21. c4 d4 22. Qd3 Qc5 23. f4 Qa5 24. Rf2 Rd8 25. Kh1 h5 26. g3 Kg7 27. h3 Qc3 28. Rd1 Qb4 29. Kg2 Qe7 30. g4 hxg4 31. hxg4 Rh8 32. g5 Qe8 33. Rf3 Rh4 34. Rh1 Rxh1 35. Kxh1 c5 36. Kg2 Qa4 37. Rf2 Kg8 38. Kh3 Bd8 39.
Rh2 Be7 40. Kg4 Bf8 41. Rh1 Qc6 42. Qf3 Qa4 43. Qh3 Bg7 44. Qg2 Qxc4 45. Rb1 Bf8 46. Rb3 Qc1 47. Rh3 Qb1 48. Qh1 Qf5+ 49. Kg3 Bg7 50.
Qa8+ Bf8 51. Qf3 c4 52. Rh1 d3 53. Rd1 Bg7 54. Qa8+ Bf8 55. Qf3 Bg7 56. Kf2 Bf8 57. Kg2 Bc5 58. Rh1 Bf8 59. Qh3 Bg7 60. Qxf5 exf5 61. Kf3 Bf8 62. Rc1 Bc5 63. Rxc4 Bb6 64.
Rc6 d2 65. Ke2 Ba5 66. Rd6 Bb4 67. Rd7 a5 68. a3 Bxa3 69. Kxd2 Bb4+ 70. Kd3 Ba3 71.
Rb7 Bc1 72. Kd4 Bxf4 73. Ra7 Bd2 74. Kd5 Bxg5 75. Rxa5 Kf8 76. Ra7 Be7 77. Rb7 g5 78. Rb1 Kg7 79. Rb6 g4 80. Rb7 Kf8 81. Kc6 g3 82.
Rb3 f4 0-1

[Event "*** Titled Tuesday Blitz"]
[Site "Chess.com"]
[Date "2021.04.06"]
[Round "5"]
[White "hleol"]
[Black "Dave_ChessMate"]
[Result "0-1"]
[WhiteElo "2335"]
[BlackElo "2488"]
[TimeControl "180+1"]
[EndTime "10:59:43 PDT"]
[Termination "Dave_ChessMate won by resignation"]

1. d4 Nf6 2. c4 e6 3. Nc3 Bb4 4. e3 O-O 5. Bd3 c5 6. Ne2 Nc6 7. O-O cxd4 8. exd4 d5 9. a3 Be7 10. Bg5 b6 11. Bxf6 Bxf6 12. cxd5 exd5 13. Rc1 Be6 14. Nb1 Rc8 15. Ba6 Rc7 16. Nbc3 Na5 17. Nf4 Nc4 18. Nxe6 fxe6 19. Qe2 Bxd4 20. Qxe6+ Rcf7 21. Nxd5 Nxb2 22. Kh1 Kh8 23. f3 Bc5 24. Rc2 Bxa3 25.
Rc8 Qd7 26. Rxf8+ Bxf8 27. Qe5 Qd6 28. Qxb2 Qxd5 29. Qc2 Qc5 30. Qe4 Qe7 31. Qc6 Qc7 32. Qa4 g6 33. Bd3 Bd6 34. Qe4 Kg7 35. h3 Re7 36. Qd5 Qc5 37. Qa2 Qe5 38. g4 Qf4 39. Qg2 Re3 40. Be4 Ra3 41. Rd1 Rc3 42. Qb2 Be5 43.
Qd2 Qxd2 44. Rxd2 Rc7 45. Kg2 Bf4 46. Ra2 g5 47. Bd3 a5 48. Bb5 Rc5 49. Bd7 Kf6 50. Re2 Rc7 51. Bb5 Rc5 52. Bd7 Re5 53. Rc2 Re7 54.
Rc6+ Kg7 55. Bf5 Re2+ 56. Kf1 Rb2 57. Re6 a4 58. Re7+ Kf6 59. Rxh7 a3 60. Ra7 Ke5 61. Rxa3 b5 62. Ra5 Kd4 63. Bd7 b4 64. Ke1 Ke3 65. Kd1 Kxf3 66. Bc6+ Kg3 67. Rd5 Kxh3 68. Bd7 Rf2 69.
Rd3+ Kg2 70. Rd4 b3 71. Rb4 b2 72. Bf5 Kg3 73. Rb3+ Kg2 74. Be4+ Kg1 75. Bf5 Kh2 76. Be4 Be5 77. Bf5 Rf4 78. Rxb2+ Bxb2 79. Kc2 Be5 80.
Kd3 Kg3 81. Ke3 Bc7 82. Kd3 Bb6 0-1

[Event "*** Titled Tuesday Blitz"]
[Site "Chess.com"]
[Date "2021.04.06"]
[Round "5"]
[White "DFeco"]
[Black "prachiti01"]
[Result "0-1"]
[WhiteElo "2320"]
[BlackElo "2168"]
[TimeControl "180+1"]
[EndTime "10:59:43 PDT"]
[Termination "prachiti01 won by resignation"]

1. c4 Nf6 2. g3 g6 3. Bg2 Bg7 4. Nc3 O-O 5. e4 d6 6. Nge2 Nc6 7. O-O a6 8. d3 Rb8 9. a4 e5 10. h3 Nd4 11. Nxd4 exd4 12. Ne2 Nd7 13. f4 c5 14. g4 b5 15. axb5 axb5 16. b3 bxc4 17. bxc4 Bb7 18. f5 Ne5 19. g5 gxf5 20. exf5 Bxg2 21.
Kxg2 f6 22. Nf4 fxg5 23. Ne6 Qe7 24. Nxf8 Rxf8 25. Ra2 Qb7+ 26. Kh2 h6 27. Raf2 Bf6 28. Qc2 Qc7 29. Kh1 Qc6+ 30. Kh2 Nd7 31. Qe2 Be5+ 32.
Kg1 Nf6 33. h4 Bg3 34. hxg5 Bxf2+ 35. Rxf2 hxg5 36. Qe6+ Rf7 37. Rg2 g4 38. Bg5 Qe8 39. Bxf6 Qxe6 40. fxe6 Rxf6 41. Rxg4+ Kf8 42. Re4 Ke7 43. Rh4 Kxe6 44. Rh3 Kd7 45. Kg2 Kc6 46. Rh5 Kb6 47. Rh8 Kc6 48. Rc8+ Kd7 49. Rb8 Ke6 50. Rd8 Ke5 51. Re8+ Kf4 52. Kf2 Kg4+ 53. Ke2 Kg3 54.
Rg8+ Kf4 55. Re8 Kf5 56. Rd8 Re6+ 57. Kd2 Rh6 58. Rf8+ Ke6 59. Re8+ Kd7 60. Re2 Rh3 61. Rg2 Kc6 62. Kc2 Rh6 63. Rg8 Rh2+ 64. Kb3 Rd2 65. Rg3 Kb6 66. Rh3 Ka5 67. Rg3 Kb6 68. Rh3 Kc6 69. Rg3 Re2 70. Rh3 Re3 71. Rxe3 dxe3 72. Kc2 d5 73. Kd1 d4 74. Ke2 Kb6 75. Kd1 Ka5 76.
Kc2 Kb4 77. Kd1 Kc3 78. Ke2 Kc2 0-1

[Event "*** Titled Tuesday Blitz"]
[Site "Chess.com"]
[Date "2021.04.06"]
[Round "5"]
[White "lukazz029"]
[Black "ellennilssen"]
[Result "0-1"]
[WhiteElo "2112"]
[BlackElo "2246"]
[TimeControl "180+1"]
[EndTime "10:59:43 PDT"]
[Termination "ellennilssen won on time"]

1. e4 e6 2. d4 d5 3. Nc3 Bb4 4. e5 c5 5. a3 Bxc3+ 6. bxc3 Qa5 7. Bd2 Qa4 8. Ra2 Ne7 9. Qg4 g6 10. Nf3 Nbc6 11. Be2 Bd7 12. O-O c4 13. Bg5 h5 14.
Qf4 Nf5 15. Bf6 Rg8 16. h4 Nce7 17. Ng5 Rf8 18. Rb1 O-O-O 19. Rb4 Qa6 20. a4 Rde8 21. g3 Nc6 22. Rb1 Qa5 23. Ra3 Nce7 24. Rba1 Bc6 25. Bf1 Ng8 26. Nh7 Nxf6 27. Nxf6 Re7 28.
Bh3 Qc7 29. a5 Qd8 30. Bxf5 exf5 31. Rb1 Re6 32. Nh7 Rfe8 33. Ng5 R6e7 34. Raa1 Bd7 35.
Qf3 Be6 36. Nh7 Qc7 37. Nf6 Rd8 38. Rb2 Qc6 39. a6 b6 40. Rab1 Qa4 41. Qf4 Qxa6 42. Qg5 Qb7 43. Qh6 Qc7 44. Qg7 Kb8 45. Ra2 Ka8 46.
Rba1 Qc6 47. Qh6 a5 48. Qg5 Qc7 49. Rb1 Rb8 50. Qe3 Qc6 51. Rba1 Ra7 52. Qg5 Qc7 53. Qh6 b5 54. Qf4 b4 55. cxb4 Rxb4 56. c3 Rb3 57.
Qe3 Qb6 58. Nh7 Qb5 59. Kg2 a4 60. Ng5 a3 61. Nf3 Ra4 62. Nd2 Rb2 63. Rxa3 Rxa3 64. Rxa3+ Kb7 65. Nf3 Rb3 66. Ra2 Rb1 67. Qd2 Qb3 68.
Rc2 Kc6 69. Ng5 Qa3 70. Nxe6 fxe6 71. Qh6 Qa1 72. Qxg6 Rg1+ 73. Kf3 Qd1+ 74. Re2 Qd3+ 75. Re3 Qd1+ 76. Kf4 Rf1 77. Qxe6+ Kc7 78. Qxd5 Rxf2+ 79. Kg5 Qg4+ 80. Kf6 f4 81. Qc5+ Kd7 82. Qd6+ Kc8 83.
Re4 fxg3+ 0-1

[Event "*** Titled Tuesday Blitz"]
[Site "Chess.com"]
[Date "2021.04.06"]
[Round "5"]
[White "K_A_S_T_O_R"]
[Black "AlexSuv"]
[Result "0-1"]
[WhiteElo "2775"]
[BlackElo "2579"]
[TimeControl "180+1"]
[EndTime "10:59:47 PDT"]
[Termination "AlexSuv won on time"]

1. e4 c5 2. Nf3 e6 3. d4 cxd4 4. Nxd4 Nc6 5. Nb5 d6 6. c4 a6 7.
N5c3 Nf6 8. Be2 Be7 9. O-O O-O 10. Na3 b6 11. Be3 Bb7 12. Qd2 Ne5 13. f3 Rc8 14. Rfd1 Qc7 15. Rac1 Rfd8 16. Kh1 Ng6 17. Na4 Nd7 18. b4 Nge5 19. Bf1 Bc6 20. Nc3 Nf6 21.
Nd5 exd5 22. cxd5 Qb7 23. dxc6 Rxc6 24. Rxc6 Nxc6 25. b5 axb5 26. Nxb5 d5 27. exd5 Nxd5 28. Bd3 Nxe3 29. Qxe3 Nb4 30. a3 Nxd3 31. Rxd3 Rc8 32.
Rd1 Bc5 33. Qd3 h6 34. a4 Qe7 35. g3 Re8 36. Nc3 Qe3 37. Ne4 Qxd3 38. Rxd3 Bf8 39. Rd4 Re6 40. g4 g6 41. Rc4 Kg7 42. Kg2 Be7 43.
f4 f5 44. gxf5 gxf5 45. Ng3 Kg6 46. Kf3 Bc5 47. Rc3 h5 48. Ne2 h4 49. h3 Rd6 50.
Rb3 Re6 51. Rd3 Kf6 52. Nc3 Re1 53. Nd5+ Kg6 54. Rc3 Rf1+ 55. Ke2 Rf2+ 56. Ke1 Ra2 57. Rd3 Rxa4 58. Ke2 Re4+ 59. Kf3 b5 60. Rc3 Bf8 61. Rc6+ Kf7 62. Ne3 b4 63. Nxf5 Re1 64. Rb6 Rb1 65. Rb7+ Ke6 66. Nd4+ Kd5 67. Nc2 b3 68. Ne3+ Kd4 69.
Rd7+ Kc3 70. Rc7+ Kb2 71. Nc4+ Kc1 72. Na5+ Kd1 73. Nxb3 Rxb3+ 74. Kg4 Bd6 75. Kxh4 Bxc7 76. Kg4 Rb4 77. h4 Rxf4+ 78. Kg5 Rf1 79. h5 Ke2 80. h6 Bf4+ 81. Kh5 Bxh6 82. Kxh6 Rg1 0-1

[Event "*** Titled Tuesday Blitz"]
[Site "Chess.com"]
[Date "2021.04.06"]
[Round "5"]
[White "superchess02"]
[Black "vpantev"]
[Result "1-0"]
[WhiteElo "2817"]
[BlackElo "2596"]
[TimeControl "180+1"]
[EndTime "10:59:49 PDT"]
[Termination "superchess02 won on time"]

1. Nf3 Nf6 2. c4 e6 3. e3 b6 4. a3 Bb7 5. b4 a5 6. b5 c5 7. bxc6 Nxc6 8. Nc3 Be7 9. Rb1 Rb8 10. Qb3 Ba8 11.
d4 d6 12. d5 exd5 13. cxd5 Na7 14. a4 O-O 15. Bd3 Nd7 16. O-O Nc5 17. Qc2 g6 18. e4 Bf6 19. Bb2 Bb7 20. Be2 Bc8 21. Nd2 Bd7 22.
Nb5 Nxb5 23. axb5 Re8 24. Bf3 Rc8 25. Nc4 Bxb2 26. Rxb2 Qc7 27. Rc1 Rcd8 28. Rbb1 Bc8 29. h4 f6 30. Qc3 Kg7 31. Qd4 Re7 32. g4 Rf8 33. g5 Re5 34. Bg2 fxg5 35. hxg5 Rf4 36.
Qe3 Rf8 37. f4 Ree8 38. e5 Bf5 39. Qd4 Kg8 40. Nxd6 Rd8 41. Rb2 Rxd6 42. exd6 Qxd6 43. Re2 Rd8 44. Qe5 Nd3 45. Qxd6 Rxd6 46. Rc6 Rd7 47.
Re8+ Kg7 48. d6 Nxf4 49. Re7+ Rxe7 50. dxe7 Kf7 51. Rxb6 Kxe7 52. Ra6 Bd3 53. Ra7+ Kd6 54. b6 Nxg2 55. Kxg2 Kc6 56. Rxa5 Kxb6 57. Re5 Kc6 58. Re7 Kd6 59. Rxh7 Ke5 60. Rf7 Bf5 61. Kg3 Be4 62.
Rf6 Bf5 63. Kf3 Be4+ 64. Ke3 Bf5 65. Kf3 Be4+ 66. Kg4 Bf5+ 67. Kg3 Be4 68. Rf4 Bf5 69. Rb4 Bd3 70. Rb3 Bc4 71. Rc3 Bd5 72. Rc5 Ke6 73. Kf4 Ba2 74. Rb5 Bc4 75. Rb6+ Kf7 76. Ke5 Bd3 77. Rb7+ Kf8 78. Kf6 Kg8 79. Rg7+ Kh8 80. Rxg6 Bc2 81. Rh6+ Kg8 82. Rh2 Bd3 83. Rd2 Be4 84. g6 Bc6 85. Rd8+ 1-0

[Event "*** Titled Tuesday Blitz"]
[Site "Chess.com"]
[Date "2021.04.06"]
[Round "5"]
[White "Gerodot71"]
[Black "JoliyRoger"]
[Result "1-0"]
[WhiteElo "2560"]
[BlackElo "2398"]
[TimeControl "180+1"]
[EndTime "10:59:51 PDT"]
[Termination "Gerodot71 won on time"]

1. d4 Nf6 2. c4 e6 3. Nc3 Bb4 4. f3 c5 5. d5 d6 6. e4 Qe7 7.
Ne2 Nbd7 8. a3 Bxc3+ 9. Nxc3 a6 10. Be2 h6 11. O-O e5 12. Be3 g5 13. b4 b6 14.
Rb1 Nh5 15. Na4 Nf4 16. Rf2 Rg8 17. Qd2 Kf8 18. Bf1 Kg7 19. g3 Ng6 20. Qc1 Rb8 21. Rfb2 Ra8 22. Qd1 Qd8 23. Nxb6 Nxb6 24. bxc5 Nd7 25. cxd6 Nf6 26. c5 g4 27. Bg2 h5 28.
Bg5 Qa5 29. Be3 gxf3 30. Bxf3 Bg4 31. Qf1 Qc3 32. Rb3 Qa5 33. c6 Bxf3 34. Qxf3 Ng4 35. Bc1 Qc5+ 36. Kg2 Qxd6 37. h3 Nf6 38. Bd2 Nh7 39.
Bb4 Qf6 40. Rf1 Qxf3+ 41. Rfxf3 Nf6 42. Rfe3 a5 43. Bc3 a4 44. Rb1 Ne8 45. Bb4 Rc8 46.
Rf1 f6 47. Kh2 Nc7 48. Ref3 Ne8 49. Rf5 h4 50. gxh4 Nxh4 51. R5f2 Ng6 52. Rg1 Kf7 53.
Rc1 Nf4 54. d6 Nxd6 55. Bxd6 Rh8 56. Rc3 Ke6 57. Bb4 Rh7 58. Rff3 Rhc7 59. h4 Rxc6 60. Rxc6+ Rxc6 61. Rf2 Rc4 62. Kg3 Rxe4 63. Kf3 Rc4 64. Rd2 Kf5 65. Rd8 e4+ 66. Ke3 Rc2 67. Rf8 Re2+ 68.
Kd4 Ke6 69. Kc3 Nd5+ 70. Kc4 Nxb4 71. axb4 Rc2+ 72. Kb5 Kf5 73. h5 a3 74. h6 Kg6 75.
h7 Kxh7 76. Rxf6 a2 77. Ra6 e3 78. Ra7+ Kg6 79. Rxa2 Kf5 80. Rxc2 Ke4 81. Kc4 Kf3 82. Kd3 e2 83. Rxe2 Kf4 84. b5 1-0

[Event "*** Titled Tuesday Blitz"]
[Site "Chess.com"]
[Date "2021.04.06"]
[Round "5"]
[White "Shahaliyev"]
[Black "Slovak_fighter2000"]
[Result "1-0"]
[WhiteElo "2655"]
[BlackElo "2487"]
[TimeControl "180+1"]
[EndTime "10:59:54 PDT"]
[Termination "Shahaliyev won on time"]

1. e4 e6 2. Nc3 d5 3. d4 Nf6 4.
Bg5 Be7 5. e5 Nfd7 6. h4 h6 7.
Bxe7 Qxe7 8. Qg4 O-O 9. O-O-O c5 10. f4 Nc6 11. Nf3 f6 12. Nb5 cxd4 13. Nbxd4 Nxd4 14. Nxd4 Nc5 15. Bd3 fxe5 16. fxe5 Nxd3+ 17. Rxd3 Bd7 18. Rf3 Rxf3 19. gxf3 Rf8 20. Rg1 Qf7 21. c3 Qf4+ 22.
Qxf4 Rxf4 23. Rg4 Rf8 24. Kd2 Kh7 25. Ke3 b6 26. Rg1 Rc8 27. Ra1 a5 28. Rg1 g6 29.
Rg4 Rf8 30. Rg1 Kg7 31. Ne2 Kh7 32. Nf4 Rg8 33. Rg4 Rg7 34. Ne2 Rf7 35. Nf4 Rg7 36. Rg1 Rg8 37. Ne2 Be8 38. f4 Bd7 39. Nd4 Rg7 40.
Nf3 Rg8 41. Nh2 Rc8 42. Ng4 Be8 43. Nf6+ Kg7 44. h5 Bf7 45. Nd7 b5 46. hxg6 Bxg6 47. Nf6 Kf7 48. Rh1 Rh8 49. Kd4 b4 50. cxb4 axb4 51.
a3 bxa3 52. bxa3 h5 53. a4 h4 54. a5 h3 55. Rh2 Bf5 56. Kc5 Rc8+ 57. Kb6 Rb8+ 58. Kc7 Rb3 59. Nd7 Ra3 60. Kb6 Rb3+ 61.
Kc6 Ra3 62. Kb5 d4 63. Nc5 d3 64. a6 Bg4 65. Kb4 Ra1 66. Na4 Be2 67. Nc3 Bf3 68. Kc4 d2 69. Rxh3 Bg2 70. Rh7+ Kg6 71. Rd7 Kf5 72.
Rxd2 Bf3 73. Kb5 Kxf4 74. Kb6 Ke3 75. Rb2 Kd4 76. Nb5+ Kxe5 77. a7 Rd1 78. Ra2 Rd8 79. Ra3 Ba8 80. Nc7 Kf5 81. Nxa8 Rxa8 82. Kb7 Rh8 83. a8=Q Rxa8 84. Kxa8 e5 85. Kb7 e4 86.
Kc6 Kf4 87. Kd5 e3 88. Kd4 e2 89. Re3 e1=Q 90. Rxe1 1-0